 Dungeon Crawl Stone Soup version 0.17.0-23-g0de4337 (webtiles) character file.

448209 inmateoo the Shatterer (level 23, -22/135 HPs)
             Began as a Gargoyle Chaos Knight on Nov 13, 2015.
             Annihilated by a juggernaut (48 damage)
             ... on level 3 of the Depths on Nov 14, 2015.
             The game lasted 01:55:24 (48426 turns).

inmateoo the Shatterer (Gargoyle Chaos Knight)     Turns: 48426, Time: 01:55:24

Health: -22/135    AC: 49    Str: 23    XL:     23   Next: 91%
Magic:  30/34      EV: 23    Int: 17    God:    Xom [..*...]
Gold:   3294       SH:  0    Dex: 19    Spells: 7 memorised, 17 levels left

rFire  + + +     SeeInvis .     h - +9 great mace (elec)
rCold  + . .     Clarity  +     W - +6 fire dragon armour
rNeg   + . .     SustAt   .     (shield currently unavailable)
rPois  ∞         Gourm    .     v - +2 helmet
rElec  +         Spirit   .     a - +2 cloak of the Realm of Zot {MR+ rCorr Dex-2}
rCorr  +         Warding  .     C - +1 pair of gloves of Icluh {Regen+ Int+4 Dex+5}
rMut   .         Stasis   .     H - +0 pair of boots {run}
MR     +++..                    I - amulet of clarity
Stlth  ..........               A - ring of the Last Mice {*Confuse rPois rF+ rC+ Stlth-}
                                r - ring "Qofeh" {Wiz rC+ MR+}

@: very slightly contaminated, repel missiles, quick, extremely resistant to
hostile enchantments, extremely unstealthy
A: big wings, claws 2, repulsion field 1, thin skeletal structure 1, agile 1,
breathe flames 2, fire resistance 1, frail 1, negative energy resistance 1,
sense surroundings 1, electricity resistance, unbreathing, petrification
resistance, rot immunity, AC +17
a: Fly, Renounce Religion, Breathe Fire
}: 3/15 runes: serpentine, barnacled, silver


You were on level 3 of the Depths.
You worshipped Xom.
You were a toy of Xom.
You were full.

You visited 8 branches of the dungeon, and saw 44 of its levels.
You also visited: Ossuary and Volcano.

You collected 5099 gold pieces.
You spent 1789 gold pieces at shops.

Inventory:

Hand Weapons
 g - the +7 great mace of Doubt {crush, *Noise +Blink rF+}
   (You found it on level 2 of the Depths)

   It inflicts extra damage upon your enemies.
   It protects you from fire.
   It lets you blink.
   It may make noises in combat.
 h - a +9 great mace of electrocution (weapon)
Armour
 a - the +2 cloak of the Realm of Zot (worn) {MR+ rCorr Dex-2}
   (You found it on level 5 of the Vaults)

   It affects your dexterity (-2).
   It affects your resistance to hostile enchantments.
   It protects you from acid and corrosion.
 v - a +2 helmet (worn)
 C - the +1 pair of gloves of Icluh (worn) {Regen+ Int+4 Dex+5}
   (You bought it in a shop on level 4 of the Orcish Mines)

   It affects your intelligence (+4).
   It affects your dexterity (+5).
   It increases your rate of regeneration.
 H - a +0 pair of boots of running (worn)
 W - a +6 fire dragon armour (worn)
Rods
 m - a +7 rod of shadows (10/10)
   (You found it on level 3 of the Vaults)
Jewellery
 r - the ring "Qofeh" (left hand) {Wiz rC+ MR+}
   (You bought it in a shop on level 11 of the Dungeon)

   [ring of wizardry]

   It improves your spell success rate.
   It protects you from cold.
   It affects your resistance to hostile enchantments.
 t - an uncursed ring of protection from magic
 A - the ring of the Last Mice (right hand) {*Confuse rPois rF+ rC+ Stlth-}
   (You took it off an ironheart preserver on level 5 of the Vaults)

   [ring of loudness]

   It protects you from fire.
   It protects you from cold.
   It protects you from poison.
   It may confuse you when you take damage.
   It makes you less stealthy.
 D - an uncursed ring of protection from fire
 I - an amulet of clarity (around neck)
 R - the amulet "Poil Mopp" {Gourm SInv}
   (You found it on level 8 of the Lair of Beasts)

   [amulet of the gourmand]

   It allows you to eat raw meat even when not hungry.
   It lets you see invisible.
Wands
 f - a wand of teleportation (4)
 i - a wand of heal wounds (3)
 N - a wand of hasting (2)
 U - a wand of digging (14)
 V - a wand of invisibility (6)
Scrolls
 d - 7 scrolls of magic mapping
 j - a scroll of silence
 k - 15 scrolls of remove curse
 n - 5 scrolls of fear
 x - 2 scrolls of blinking
 y - 12 scrolls of teleportation
 F - 5 scrolls of noise
 K - 5 scrolls of recharging
 P - 8 scrolls of identify
 Y - a scroll of fog
Potions
 b - 3 potions of invisibility
 e - 21 potions of curing
 l - 6 potions of lignification
 o - 3 potions of agility
 p - 3 potions of cure mutation
 s - a potion of berserk rage
 z - 4 potions of brilliance
 B - 4 potions of haste
 G - a potion of resistance
 M - a potion of cancellation
 Q - 2 potions of magic
 Z - 5 potions of might
Miscellaneous
 w - a fan of gales
 E - an ornate deck of defence {drawn: 4}
 O - a phial of floods (inert)
 S - a disc of storms
Comestibles
 c - 17 bread rations
 u - 26 meat rations


   Skills:
 + Level 17.6 Fighting
 * Level 22.1 Maces & Flails
 + Level 17.8 Armour
 + Level 14.2 Dodging
 + Level 7.6 Spellcasting
 + Level 7.7 Charms
 * Level 3.9 Translocations
 + Level 7.1 Air Magic
 + Level 13.3 Evocations


You had 17 spell levels left.
You knew the following spells:

 Your Spells              Type           Power        Failure   Level  Hunger
a - Blink                 Tloc           N/A          4%          2    None
b - Repel Missiles        Chrm/Air       ####..       1%          2    None
c - Deflect Missiles      Chrm/Air       ####......   82%         6    ######.
d - Regeneration          Chrm/Necr      ###.......   7%          3    #......
e - Shroud of Golubria    Chrm/Tloc      ####......   1%          2    None
f - Apportation           Tloc           ###.......   2%          1    None
g - Passage of Golubria   Tloc           N/A          24%         4    ###....


Dungeon Overview and Level Annotations

Branches:
Dungeon (15/15)            Temple (0/1) D:7            Lair (8/8) D:8
 Shoals (4/4) Lair:6        Snake (4/4) Lair:3        Slime (0/6) Lair:6
    Orc (4/4) D:11            Elf (1/3) Orc:4        Vaults (5/5) D:14
  Crypt (0/3) Vaults:3     Depths (3/5) D:15

Altars:
Cheibriados
Dithmenos
Elyvilon
Makhleb
Ru
Sif Muna
Vehumet
Xom
Yredelemnul
The Shining One
Beogh
Jiyva

Shops:
D:9 *   D:11 =   D:15 (:   Orc:3 %   Orc:4 =}[[   Snake:1 *   Vaults:1 *
Vaults:2 [   Depths:1 *

Portals:
Hell: Lair:8 Depths:1 Depths:2
Pandemonium: Depths:1 Depths:2 Depths:3
Ziggurat: Depths:3

Annotations:
Shoals:4 Ilsuiw
Depths:3 exclusions: 2 eyes of devastation, giant eyeball, shining eye and 5 more exclusions


Innate Abilities, Weirdness & Mutations

You are resistant to torment.
Your stone body is resilient (AC +17).
You are immune to poison.
Your large and strong wings let you fly indefinitely.
You resist negative energy.
You are resistant to electric shocks.
You can survive without breathing.
You are immune to petrification.
You are immune to rotting.
You have very sharp fingernails.
You are surrounded by a mild repulsion field (EV +2).
You have a somewhat thin skeletal structure (Dex +2, Stealth).
You are agile. (Dex +2)
You can breathe fire.
Your flesh is heat resistant.
You are frail (-10% HP).
You passively map a small area around you.


Message History

Unknown command.
Unknown command.
There is an open door here.
Unknown command.
Unknown command.
Unknown command.
Unknown command.
Unknown command.
Unknown command.
Read which item? (? for menu, Esc to quit)
Blink to where?
Press: ? - help, Dir - move target cursor, p - juggernaut
Okay, then.
Casting: Regeneration
Confirm with . or Enter, or press ? or * to list all spells.
Aiming: Passage of Golubria
Press: ? - help, Dir - move target cursor, p - juggernaut The juggernaut hits you!!!
You die...
Xom cackles wildly!

#######...†.$.....#### ..
,..........^.........#.. #.
* .######................ #.
,####....<............#***#.
#....###.#.###.......# #.
#.<.^...(#.# #.......#####.
#.######.#.# *..........≈..
#...#..#.#.#######......≈≈E
,###.#..#+#@.............≈≈≈
#.#.....C^#######E....≈≈#
##.#.......####.........≈# *
*#..'.......'.....E.......#
*#..#.......##............#
#####..∩....##.......######
..............#.......# #
######........#.......# #
#........#.......# *


You could see a juggernaut.

Vanquished Creatures
  An ancient lich (Vaults:5)
  Sojobo (Vaults:3)
  Norris (Snake:4)
  Vashnia (Snake:2)
  2 golden dragons
  5 tentacled monstrosities
  6 titans (Vaults:5)
  A large abomination (Vaults:5)
  The ghost of youngkai the Executioner, an adept MiBe of Trog (Snake:4)
  A kraken (Shoals:1)
  2 sphinxes
  Polyphemus (Shoals:2)
  3 shadow dragons (Vaults:5)
  5 storm dragons
  Frances (Snake:1)
  Kirke (D:12)
  6 tengu reavers
  Roxanne (Snake:1)
  4 greater nagas
  6 fire giants
  5 frost giants
  A deep elf sorcerer (Vaults:5)
  A curse skull (Vaults:3)
  18 vault wardens
  2 war gargoyles (Vaults:5)
  A ghost moth (Vaults:5)
  8 very ugly things
  16 stone giants
  18 ironheart preservers
  2 deep elf annihilators
  A dire elephant (Lair:8)
  The ghost of timez0r the Bludgeoner, a journeyman MiBe of Trog (Lair:3)
  3 merfolk javelineers (Shoals:4)
  A deep elf death mage (Vaults:5)
  8 ettins
  31 vault guards
  A green death (Depths:1)
  14 yaktaur captains
  3 deep elf high priests (Vaults:5)
  A merfolk impaler (Shoals:2)
  3 fire dragons
  A rakshasa (Vaults:2)
  8 hydras
  2 great orbs of eyes
  11 naga warriors
  16 anacondas
  4 ice dragons
  18 ogre magi
  An anaconda (shapeshifter) (D:15)
  A quicksilver dragon skeleton (Vaults:5)
  3 entropy weavers
  A death knight (Vaults:3)
  7 centaur warriors
  2 catoblepae
  An alligator snapping turtle (Shoals:4)
  A satyr (Snake:2)
  7 death yaks
  2 dancing weapons (Vaults:5)
  2 deep troll shamans (Depths:2)
  5 tengu warriors
  15 naga sharpshooters
  7 deep troll earth magi (Depths:2)
  A soul eater (Depths:1)
  A sun demon (Lair:8)
  3 orc high priests (Orc:4)
  7 shadow wraiths
  4 shock serpents
  A fire crab (Vaults:1)
  The ghost of kae the Arsonist, a novice TeFE of Vehumet (D:9)
  A deep elf knight (Vaults:5)
  10 skeletal warriors
  7 salamander mystics
  2 unseen horrors
  4 sea snakes
  2 small abominations (Vaults:4)
  7 wizards
  An iron troll (Depths:2)
  A giant orange brain (Depths:3)
  26 deep trolls
  A sea snake (shapeshifter) (Snake:4)
  A deep troll (shapeshifter) (D:14)
  10 naga ritualists
  6 hill giants
  An unseen horror (shapeshifter) (Vaults:5)
  4 necromancers
  2 anubis guards
  4 wolf spiders
  4 phantasmal warriors
  20 ironbrand convokers
  3 fauns (Shoals:2)
  15 mana vipers
  18 orc knights
  A deep elf conjurer (Vaults:5)
  10 harpies
  A harpy (shapeshifter) (Vaults:5)
  15 salamanders
  A sixfirhy (Lair:8)
  6 hornets
  7 orc sorcerers
  36 ugly things
  31 slime creatures
  9 manticores
  A stone giant zombie (Vaults:2)
  10 water nymphs
  9 griffons
  3 toenail golems (Volcano)
  12 cyclopes
  An octopode (shapeshifter) (Vaults:4)
  Maurice (Orc:1)
  37 black mambas
  2 cyclopes (shapeshifter)
  2 moths of wrath (shapeshifter)
  21 naga magi
  15 spiny frogs
  5 sirens
  24 vault sentinels
  3 orange demons
  A torpor snail (Orc:4)
  27 elephants
  11 guardian serpents
  A spiny frog (shapeshifter) (Vaults:2)
  A gargoyle (D:10)
  A kobold demonologist (Vaults:4)
  An eye of devastation (shapeshifter) (Vaults:4)
  A yaktaur (shapeshifter) (Vaults:4)
  A smoke demon (Lair:8)
  6 fire drakes
  2 efreet
  25 yaktaurs
  2 human skeletons (Vaults:5)
  2 deep elf priests
  3 komodo dragons (shapeshifter)
  10 komodo dragons
  6 trolls
  2 tengu conjurers
  A troll (shapeshifter) (D:13)
  A yaktaur skeleton (Vaults:5)
  5 red devils
  A polar bear (shapeshifter) (D:15)
  3 jumping spiders
  11 freezing wraiths
  22 merfolk
  2 polar bears
  2 blue devils (Lair:8)
  20 blink frogs
  A tengu simulacrum (Vaults:3)
  3 wind drakes
  24 two-headed ogres
  6 boulder beetles
  An ettin zombie (Vaults:2)
  2 human simulacra
  3 deep elf magi
  A frost giant simulacrum (Vaults:2)
  A tarantella (shapeshifter) (Vaults:5)
  A spriggan (Lair:1)
  A trapdoor spider (shapeshifter) (D:15)
  A fire bat (D:4)
  A ynoxinul (Depths:1)
  5 wraiths
  3 water elementals
  6 snapping turtles
  3 deep elf fighters
  9 humans
  A fire elemental (D:14)
  73 yaks
  A wyvern (shapeshifter) (Vaults:5)
  A hog (Lair:5)
  12 redbacks
  2 wyverns
  14 vampire mosquitoes
  A human (shapeshifter) (Vaults:5)
  A basilisk (Lair:5)
  A yaktaur simulacrum (Vaults:2)
  A golden eye (shapeshifter) (Depths:2)
  2 steam dragons
  17 hippogriffs
  79 nagas
  3 hungry ghosts
  4 wargs
  A spatial vortex (D:13)
  A wolf (Lair:1)
  3 mottled dragons
  2 soldier ants
  15 water moccasins
  5 spiders (D:13)
  7 porcupines
  An eye of draining (D:15)
  4 ice beasts
  4 sky beasts
  A sky beast (shapeshifter) (D:15)
  37 orc warriors
  4 black bears
  2 hell hounds (Lair:8)
  61 ogres
  24 centaurs
  A swamp drake (Lair:6)
  8 boggarts
  15 crocodiles
  18 giant frogs
  5 big kobolds
  2 brain worms (shapeshifter)
  A gnoll sergeant (D:10)
  4 scorpions
  A killer bee (D:11)
  An elf simulacrum (Vaults:2)
  4 electric eels
  13 wights
  2 quasits
  3 bog bodies (Ossuary)
  A lava snake (D:14)
  29 orc wizards
  9 centaur zombies
  21 orc priests
  9 giant frog zombies
  5 human zombies
  7 jellies
  A gnoll shaman (D:5)
  7 crimson imps
  2 giant frog skeletons
  6 centaur skeletons
  12 iguanas
  A hell rat (Lair:5)
  3 hounds
  4 worker ants
  A killer bee zombie (Ossuary)
  33 sheep
  The ghost of Kolbur the Chopper, a weakling HaBe of Trog (D:3)
  3 hound zombies
  3 hound skeletons
  12 mummies
  3 worker ant zombies (Ossuary)
  78 river rats
  12 gnolls
  10 adders
  4 shadow imps
  An ooze (D:3)
  2 adder zombies (Ossuary)
  An adder skeleton (D:4)
  2 worms
  4 giant geckos
  176 orcs
  6 bats
  6 giant cockroaches
  14 hobgoblins
  10 jackals
  6 quokkas
  6 ball pythons
  2 giant cockroach zombies (Ossuary)
  2 giant gecko zombies
  8 giant newts
  2 goblins (D:3)
  A jackal skeleton (D:4)
  3 jackal zombies
  16 kobolds
  A quokka skeleton (D:4)
  2 quokka zombies (Ossuary)
  14 rats
  A tentacle (Shoals:1)
2004 creatures vanquished.

Vanquished Creatures (collateral kills)
  Rupert (Lair:6)
  Donald (Shoals:2)
  A frost giant (Depths:2)
  A naga warrior (Snake:4)
  3 death yaks (Lair:6)
  A naga sharpshooter (Snake:2)
  A skeletal warrior (Vaults:2)
  A sea snake (Shoals:2)
  A naga ritualist (Snake:2)
  A deep troll (Vaults:1)
  A hill giant (Vaults:1)
  A mana viper (Snake:4)
  5 elephants
  3 black mambas
  A kobold demonologist (Vaults:2)
  4 blink frogs (Lair:6)
  3 yaks
  A hippogriff (Lair:6)
  3 nagas (Snake:4)
  A water moccasin (Lair:6)
  A porcupine (D:8)
  A spider (D:13)
  An orc warrior (Vaults:1)
  2 ogres
  2 centaurs (Vaults:1)
  An electric eel (Lair:6)
  A giant frog skeleton (D:11)
  2 worker ants
  An orc wizard (D:5)
  A hell rat (Lair:5)
  A river rat (Lair:5)
  8 orcs
  A giant cockroach (D:5)
  A rat (Lair:5)
  A fungus (Lair:7)
60 creatures vanquished.

Vanquished Creatures (others)
  A vault guard (Vaults:5)
  A small abomination (Vaults:5)
  4 dancing weapons
  A death yak (Lair:6)
  A deep elf knight (Vaults:5)
  An ugly thing (Depths:2)
  An elephant (Lair:6)
  A yaktaur (Vaults:5)
  A two-headed ogre (Vaults:5)
  A boulder beetle (Vaults:5)
  2 deep elf magi
  4 yaks
  A vampire mosquito (Vaults:3)
  A wolf (shapeshifter) (Vaults:5)
  A human (D:12)
  A naga (Snake:4)
  4 boggarts (Vaults:3)
  An ogre (Vaults:5)
  A river rat (D:8)
  12 fungi
  19 plants
  8 tentacles (Shoals:1)
  108 tentacle segments (Shoals:1)
  4 toadstools (D:1)
180 creatures vanquished.

Grand Total: 2244 creatures vanquished

Notes
Turn   | Place    | Note
--------------------------------------------------------------
     0 | D:1      | inmateoo the Gargoyle Chaos Knight began the quest for the Orb.
     0 | D:1      | Reached XP level 1. HP: 14/14 MP: 1/1
   173 | D:1      | Reached skill level 1 in Dodging
   223 | D:1      | Reached XP level 2. HP: 19/19 MP: 2/2
   250 | D:1      | XOM: divination: detect creatures
   404 | D:1      | XOM: colour smoke trail
   831 | D:2      | XOM is BORED!
   831 | D:2      | XOM: noise
   860 | D:2      | Reached XP level 3. HP: 21/23 MP: 3/3
  1013 | D:2      | Reached XP level 4. HP: 12/29 MP: 4/4
  1486 | D:3      | Noticed Kolbur's ghost (weakling HaBe)
  1495 | D:3      | Killed Kolbur's ghost
  1607 | D:3      | XOM: silly message
  1610 | D:3      | XOM: divination: detect creatures
  1986 | D:3      | Reached skill level 4 in Fighting
  1998 | D:3      | Reached XP level 5. HP: 29/33 MP: 5/5
  2129 | D:3      | XOM: 2-stop teleportation journey
  2280 | D:3      | XOM: colour smoke trail
  2317 | D:3      | XOM: give mutation
  2317 | D:3      | Gained mutation: You have large cloven feet. [Xom's grace]
  2551 | D:3      | XOM: harmless Hex miscast
  2684 | D:4      | Noticed an ogre
  2690 | D:4      | Noticed a fire bat
  2690 | D:4      | an ogre changed into a fire bat
  2690 | D:4      | XOM: polymorph ogre -> fire bat
  2718 | D:4      | Killed a fire bat
  2718 | D:4      | Reached XP level 6. HP: 29/39 MP: 6/6
  2796 | D:4      | XOM: noise
  2805 | D:4      | Reached skill level 5 in Maces & Flails
  2807 | D:4      | XOM: summons friendly crimson imp
  2900 | D:4      | Noticed an ogre
  2908 | D:4      | Killed an ogre
  2908 | D:4      | Reached XP level 7. HP: 40/44 MP: 7/7
  2919 | D:4      | XOM: vitrification
  3267 | D:4      | XOM: potion effect (agility)
  3378 | D:5      | Entered Level 5 of the Dungeon
  3413 | D:5      | XOM is BORED!
  3413 | D:5      | XOM: medium Tloc miscast
  3771 | D:5      | XOM: silly message
  3812 | D:5      | Found a white marble altar of Elyvilon.
  3853 | D:5      | Reached skill level 6 in Maces & Flails
  3946 | D:5      | XOM: give mutation
  3946 | D:5      | Gained mutation: You are dopey. (Int -2) [Xom's mischief]
  3953 | D:5      | XOM: silly message
  4068 | D:5      | Found a sacrificial altar of Ru.
  4114 | D:5      | Reached skill level 5 in Fighting
  4203 | D:5      | XOM: vitrification
  4294 | D:5      | Reached XP level 8. HP: 49/49 MP: 8/8
  4318 | D:5      | XOM: give mutation
  4318 | D:5      | Gained mutation: You are very dopey. (Int -4) [Xom's mischief]
  4610 | D:6      | XOM: summons 3 hostile shadow creatures
  4633 | D:5      | Reached skill level 5 in Armour
  4938 | D:6      | XOM: silly message
  4953 | D:6      | XOM: enchant monster (bad)
  4986 | D:6      | XOM: potion effect (haste)
  4995 | D:6      | XOM: fog
  5024 | D:6      | Reached skill level 7 in Maces & Flails
  5025 | D:6      | XOM: blink monster(s)
  5029 | D:6      | XOM: confusion
  5044 | D:6      | XOM: cast spell 'Stoneskin'
  5078 | D:6      | Reached skill level 8 in Maces & Flails
  5078 | D:6      | Reached XP level 9. HP: 33/55 MP: 9/9
  5078 | D:6      | XOM: cast spell 'Ring of Flames'
  5162 | D:6      | XOM: cast spell 'Olgreb's Toxic Radiance'
  5176 | D:6      | XOM: blink monster(s)
  5906 | D:7      | Gained mutation: Scrolls take you a little longer to read. [mutagenic meat]
  5907 | D:7      | Lost mutation: Scrolls take you a little longer to read. [mutagenic meat]
  5908 | D:7      | Gained mutation: You occasionally shout uncontrollably at your foes. [mutagenic meat]
  5909 | D:7      | Gained mutation: You evolve. [mutagenic meat]
  5910 | D:7      | Gained mutation: You have sharp fingernails. [mutagenic meat]
  5911 | D:7      | Gained mutation: You can breathe flames. [mutagenic meat]
  6073 | D:7      | XOM: mild Conj miscast
  6076 | D:7      | Found a staircase to the Ecumenical Temple.
  6124 | D:7      | Gained mutation: You have very sharp fingernails. [evolution]
  6137 | D:7      | XOM: confuse monster(s)
  6304 | D:7      | XOM: mild Ice miscast
  6347 | D:7      | XOM: mild Ice miscast
  6374 | D:7      | Reached skill level 9 in Maces & Flails
  6620 | D:7      | XOM: confuse monster(s)
  6876 | D:8      | XOM: potion effect (haste)
  6886 | D:8      | Found a snail-covered altar of Cheibriados.
  6906 | D:8      | Found a sand-covered staircase.
  6912 | Ossuary  | Entered an ossuary
  7044 | Ossuary  | Reached skill level 5 in Dodging
  7097 | Ossuary  | Reached XP level 10. HP: 57/63 MP: 10/10
  7102 | Ossuary  | XOM: divination: magic mapping
  7339 | Ossuary  | XOM: harmless Erth miscast
  7387 | D:8      | XOM: cast spell 'Blink'
  7388 | D:8      | XOM: mild Summ miscast
  7404 | D:8      | XOM: harmless Conj miscast
  7432 | D:8      | Reached skill level 10 in Maces & Flails
  7432 | D:8      | XOM: blink monster(s)
  7436 | D:8      | XOM: summons 1 friendly demon
  7444 | D:8      | XOM: confusion (+ monsters)
  7449 | D:8      | XOM: noise
  7465 | D:8      | XOM: enchant monster (bad)
  7470 | D:8      | XOM: confuse monster(s)
  7647 | D:8      | XOM: blink monster(s)
  7654 | D:8      | XOM: summons friendly shadow imp
  7657 | D:8      | XOM: polymorph yak -> human
  7675 | D:8      | XOM: cast spell 'Stoneskin'
  7678 | D:8      | XOM: confuse monster(s)
  7682 | D:8      | XOM: confuse monster(s)
  7705 | D:8      | XOM: god gift: robe {god gift}
  7706 | D:8      | XOM: cast spell 'Olgreb's Toxic Radiance'
  7741 | D:8      | Learned a level 2 spell: Blink
  7744 | D:8      | Learned a level 2 spell: Repel Missiles
  7780 | D:8      | XOM: vitrification
  7795 | D:8      | Found a staircase to the Lair.
  7823 | D:8      | XOM: potion effect (invisibility)
  7896 | D:8      | Noticed a cyclops
  7897 | D:8      | XOM: swap monsters
  7899 | D:8      | XOM: enchant monster (good)
  7913 | D:8      | Killed a cyclops
  8114 | D:8      | Noticed a hill giant
  8116 | D:8      | XOM: summons friendly shadow imp
  8130 | D:8      | Killed a hill giant
  8177 | D:8      | Reached XP level 11. HP: 64/69 MP: 11/11
  8216 | D:8      | XOM: 1-stop teleportation journey
  8289 | D:8      | XOM: god gift: 11 royal jellies
  8480 | D:9      | XOM: enchant monster (good)
  8486 | D:9      | XOM: divination: detect creatures
  8488 | D:9      | Reached skill level 11 in Maces & Flails
  8513 | D:9      | Found a shadowy altar of Dithmenos.
  8513 | D:9      | Found a glowing golden altar of the Shining One.
  8536 | D:9      | Found a burning altar of Makhleb.
  8551 | D:9      | XOM: smoke on damage
  8558 | D:9      | Noticed kae's ghost (novice TeFE)
  8568 | D:9      | Killed kae's ghost
  8578 | D:9      | XOM: divination: magic mapping
  8681 | D:9      | Found Uweih's General Store.
  8698 | D:9      | XOM: summons friendly iron imp
  8734 | D:9      | Got a steaming flail {venom}
  8736 | D:9      | Identified the +7 flail "Muhoj" {venom, rC- MP+9 Int+2 Dex+4} (You took it off a wight on level 9 of the Dungeon)
  8738 | D:9      | Bought 2 potions of curing for 78 gold pieces
  8994 | D:9      | XOM: god gift: 18 bolts of frost
  9003 | D:9      | Noticed a five-headed hydra
  9015 | D:9      | Killed a five-headed hydra
  9104 | D:9      | XOM: vitrification
  9210 | D:10     | XOM: noise
  9210 | D:10     | Entered Level 10 of the Dungeon
  9223 | D:10     | XOM: noise
  9329 | D:10     | XOM: fog
  9605 | D:10     | Noticed a hill giant
  9605 | D:10     | XOM: 2-stop teleportation journey
  9619 | D:10     | Killed a hill giant
  9721 | D:10     | XOM: torment (42/71 hp)
  9813 | D:10     | Gained mutation: You are partially covered in iridescent scales (AC +4). [evolution]
 10029 | D:10     | Reached skill level 12 in Maces & Flails
 10299 | D:10     | XOM: snakes to sticks
 10644 | D:11     | XOM: swap monsters
 10697 | D:11     | XOM: confusion (+ monsters)
 10700 | D:11     | Noticed a tengu reaver
 10704 | D:11     | Noticed a four-headed hydra
 10741 | D:11     | Killed a four-headed hydra
 10749 | D:11     | Killed a tengu reaver
 10749 | D:11     | Reached skill level 10 in Fighting
 10749 | D:11     | Reached XP level 12. HP: 45/77 MP: 12/12
 10871 | D:11     | Noticed a hill giant
 10872 | D:11     | XOM: enchant monster (good)
 10873 | D:11     | XOM: harmless Air miscast
 10883 | D:11     | Killed a hill giant
 11069 | D:11     | XOM: medium Pois miscast
 11106 | D:11     | XOM: chaos upgrade
 11112 | D:11     | XOM: polymorph yak -> wind drake
 11123 | D:11     | XOM: enchant monster (good)
 11133 | D:11     | XOM: silly message
 11261 | D:11     | XOM: divination: detect items
 11380 | D:11     | Reached skill level 13 in Maces & Flails
 11386 | D:11     | Reached skill level 10 in Armour
 11717 | D:11     | XOM: god gift: knobbly jewelled rod {god gift}
 11719 | D:11     | Identified a +4 rod of ignition (12/12) (Xom gifted it to you on level 11 of the Dungeon)
 11747 | D:11     | XOM: divination: detect items
 11756 | D:11     | Found Seefemuv's Jewellery Emporium.
 11766 | D:11     | Found a staircase to the Orcish Mines.
 11974 | D:11     | Reached skill level 1 in Evocations
 12079 | D:12     | XOM: confuse monster(s)
 12217 | D:12     | XOM: divination: magic mapping
 12289 | D:12     | XOM: 1-stop teleportation journey
 12334 | D:12     | XOM: enchant monster (good)
 12372 | D:12     | XOM: vitrification
 12380 | D:12     | XOM: 3-stop teleportation journey
 12509 | D:12     | XOM: 1-stop teleportation journey
 12549 | D:12     | XOM: 5-stop teleportation journey
 12649 | D:12     | XOM: divination: detect items
 12674 | D:12     | XOM: confuse monster(s)
 12787 | D:12     | Noticed Kirke
 12789 | D:12     | XOM: divination: detect creatures
 12972 | Lair:1   | Entered Level 1 of the Lair of Beasts
 12991 | Lair:1   | XOM: divination: detect items
 12992 | Lair:1   | XOM: summons 12 friendly demons
 13139 | Lair:1   | XOM: summons friendly shadow imp
 13148 | Lair:1   | XOM: potion effect (invisibility)
 13156 | Lair:1   | Reached XP level 13. HP: 63/84 MP: 14/14
 13281 | Lair:1   | XOM: polymorph river rat -> giant gecko
 13301 | Lair:1   | XOM: divination: detect creatures
 13308 | Lair:1   | XOM: divination: magic mapping
 13669 | Lair:1   | Lost mutation: You occasionally shout uncontrollably at your foes. [evolution]
 14097 | Lair:2   | XOM: confuse monster(s)
 14143 | Lair:2   | XOM: 2-stop teleportation journey
 14252 | Lair:2   | XOM: divination: magic mapping
 14331 | Lair:2   | XOM: swap monsters
 14554 | Lair:2   | XOM: divination: detect creatures
 14670 | Lair:2   | XOM: harmless Tloc miscast
 14696 | Lair:2   | XOM: divination: detect creatures
 14739 | Lair:2   | XOM: mild Chrm miscast
 14893 | Lair:3   | Reached skill level 14 in Maces & Flails
 14905 | Lair:3   | XOM: harmless Hex miscast
 14920 | Lair:3   | XOM: noise
 14929 | Lair:3   | XOM: divination: magic mapping
 14931 | Lair:3   | XOM: fog
 14971 | Lair:3   | XOM: 1-stop teleportation journey
 15111 | Lair:3   | Found a staircase to the Snake Pit.
 15240 | Lair:3   | Noticed timez0r's ghost (journeyman MiBe)
 15247 | Lair:3   | XOM: summons 5 friendly demons
 15250 | Lair:3   | Killed timez0r's ghost
 15269 | Lair:3   | XOM: 1-stop teleportation journey
 15349 | Lair:3   | XOM: god gift: dented diamond amulet {god gift}
 15386 | Lair:3   | XOM: 3-stop teleportation journey
 15420 | Lair:3   | XOM: cast spell 'Summon Dragon'
 15514 | Lair:3   | XOM: give mutations
 15514 | Lair:3   | Lost mutation: You are partially covered in iridescent scales (AC +4). [Xom's mischief]
 15514 | Lair:3   | Gained mutation: You occasionally shout uncontrollably at your foes. [Xom's mischief]
 15514 | Lair:3   | Gained mutation: Your body sometimes deteriorates upon taking damage. [Xom's mischief]
 15514 | Lair:3   | Lost mutation: You have very sharp fingernails. [Xom's mischief]
 15727 | Lair:3   | XOM: harmless Trmt miscast
 15887 | Lair:4   | Noticed a storm dragon
 15887 | Lair:4   | a six-headed hydra changed into a storm dragon
 15887 | Lair:4   | XOM: polymorph six-headed hydra -> storm dragon
 15895 | Lair:4   | Killed a storm dragon
 15993 | Lair:4   | Gained mutation: You have a pair of small antennae on your head. [potion of mutation]
 15993 | Lair:4   | Lost mutation: You are very dopey. (Int -4) [potion of mutation]
 16002 | Lair:4   | XOM: 3-stop teleportation journey
 16238 | Lair:4   | Gained mutation: You are partially covered in icy blue scales (AC +1). [evolution]
 16242 | Lair:4   | Learned a level 6 spell: Deflect Missiles
 16475 | Lair:5   | XOM: divination: detect creatures
 16478 | Lair:5   | XOM: summons friendly quasit
 16596 | Lair:5   | XOM: enchant monster (good)
 16603 | Lair:5   | XOM: polymorph yak -> hog
 16605 | Lair:5   | XOM: 1-stop teleportation journey
 16676 | Lair:5   | Gained mutation: Your large and strong wings let you fly indefinitely. [Gargoyle growth]
 16676 | Lair:5   | Reached XP level 14. HP: 82/91 MP: 17/17
 16679 | Lair:5   | XOM: polymorph giant frog -> big kobold
 16735 | Lair:5   | XOM: divination: detect items
 16848 | Lair:5   | XOM: fog
 16974 | Lair:5   | Drew Focus: Str increased to 20, Dex decreased to 10
 16976 | Lair:5   | XOM: confuse monster(s)
 17107 | Lair:5   | XOM: vitrification
 17197 | Lair:5   | Gained mutation: Your spells are a little easier to cast, but a little less powerful. [potion of mutation]
 17197 | Lair:5   | Lost mutation: You are dopey. (Int -2) [potion of mutation]
 17231 | Lair:5   | XOM: summons 5 friendly demons
 17321 | Lair:5   | XOM: god gift: wand of heal wounds {god gift}
 17455 | Lair:5   | XOM: god gift: wand of teleportation {god gift}
 17562 | Lair:6   | Found a dark tunnel.
 17564 | Lair:6   | XOM: 1-stop teleportation journey
 17579 | Lair:6   | XOM: smoke on damage
 17581 | Lair:6   | Reached skill level 5 in Evocations
 17718 | Lair:6   | XOM: 1-stop teleportation journey
 17802 | Lair:6   | XOM: god gift: 54 gold pieces
 17838 | Lair:6   | Reached skill level 15 in Maces & Flails
 17858 | Lair:6   | XOM: give mutations
 17858 | Lair:6   | Gained mutation: You can breathe fire. [Xom's grace]
 17858 | Lair:6   | Gained mutation: You are surrounded by a mild repulsion field (EV +2). [Xom's grace]
 17858 | Lair:6   | Gained mutation: You are partially covered in thin metallic scales (AC +2). [Xom's grace]
 17858 | Lair:6   | Gained mutation: You have very sharp fingernails. [Xom's grace]
 17860 | Volcano  | Entered a volcano
 18258 | Lair:6   | Found a viscous altar of Jiyva.
 18259 | Lair:6   | Found a staircase to the Slime Pits.
 18327 | Lair:6   | XOM: fake destruction
 18336 | Lair:6   | XOM: divine lightning (protected)
 18338 | Lair:6   | XOM: god gift: twisted runed rod {god gift}
 18353 | Lair:6   | Identified a +5 rod of the swarm (12/12) (Xom gifted it to you on level 6 of the Lair of Beasts)
 18416 | Lair:6   | XOM: 5-stop teleportation journey
 18417 | Lair:6   | Noticed Rupert
 18423 | Lair:6   | Killed Rupert
 18903 | Lair:6   | XOM: enchant monster (good)
 18908 | Lair:6   | XOM: swap monsters
 19003 | Lair:6   | XOM: butterfly on damage
 19250 | Lair:6   | XOM: god gift: flail {god gift}
 19252 | Lair:6   | XOM: give mutations
 19252 | Lair:6   | Lost mutation: You are partially covered in thin metallic scales (AC +2). [Xom's mischief]
 19252 | Lair:6   | Lost mutation: Your spells are a little easier to cast, but a little less powerful. [Xom's mischief]
 19252 | Lair:6   | Lost mutation: Your body sometimes deteriorates upon taking damage. [Xom's mischief]
 19491 | Lair:6   | Found a staircase to the Shoals.
 19552 | Lair:6   | XOM: divination: magic mapping
 19592 | Lair:6   | XOM: divine lightning
 19605 | Lair:6   | XOM: enchant monster (good)
 19611 | Lair:6   | XOM: confuse monster(s)
 19613 | Lair:6   | XOM: summons 14 friendly demons
 19969 | Lair:7   | XOM: vitrification
 20111 | Lair:6   | XOM: divination: detect creatures
 20180 | Lair:6   | XOM: divination: detect creatures
 20224 | Lair:6   | XOM: cast spell 'Ice Form'
 20275 | Lair:7   | XOM: harmless Necr miscast
 20455 | Lair:7   | XOM: harmless Fire miscast
 20458 | Lair:7   | Reached XP level 15. HP: 85/97 MP: 19/19
 20462 | Lair:7   | XOM: noise
 20463 | Lair:7   | XOM: enchant monster (bad)
 20466 | Lair:7   | XOM: destruction
 20470 | Lair:7   | XOM: summons 4 friendly demons
 20484 | Lair:7   | Gained mutation: Your spells are a little harder to cast, but a little more powerful. [potion of beneficial mutation]
 20628 | Lair:7   | XOM: 5-stop teleportation journey
 20629 | Lair:7   | XOM: god gift: hardcover book {god gift}
 20722 | Lair:7   | XOM: 4-stop teleportation journey
 20746 | Lair:7   | XOM: confuse monster(s)
 20747 | Lair:7   | XOM: enchant monster (good)
 20817 | Lair:7   | Reached skill level 10 in Dodging
 20827 | Lair:7   | XOM: noise
 21245 | Lair:8   | Entered Level 8 of the Lair of Beasts
 21421 | Lair:8   | XOM: summons 2 hostile demons
 21581 | Lair:8   | XOM: colour smoke trail
 21619 | Lair:8   | Paralysed by a wizard for 3 turns
 21758 | Lair:8   | XOM: enchant monster (good)
 21818 | Lair:8   | XOM is BORED!
 21818 | Lair:8   | XOM: mild Divn miscast
 21899 | Lair:8   | XOM: summons 1 hostile demon
 21997 | Lair:8   | XOM: noise
 22078 | Lair:8   | XOM: noise
 22249 | Lair:8   | Reached skill level 16 in Maces & Flails
 22325 | Lair:8   | XOM: summons 6 hostile demons
 22335 | Lair:8   | XOM: polymorph shadow imp -> iron imp
 22371 | Lair:8   | Found a burning altar of Makhleb.
 22374 | Lair:8   | XOM: summons 3 friendly demons
 22381 | Lair:8   | XOM: blink monster(s)
 22393 | Lair:8   | XOM: summons 3 friendly demons
 22395 | Lair:8   | XOM: smoke on damage
 22550 | Lair:8   | XOM: colour smoke trail
 22552 | Lair:8   | Found a gateway to Hell.
 22560 | Lair:8   | Got a wavering platinum amulet
 22564 | Lair:8   | Identified the amulet "Poil Mopp" {Gourm SInv} (You found it on level 8 of the Lair of Beasts)
 23020 | D:11     | Bought the ring "Qofeh" {Wiz rC+ MR+} for 694 gold pieces
 23023 | D:11     | Bought an uncursed ring of protection from magic for 350 gold pieces
 23032 | D:11     | XOM: harmless Ice miscast
 23036 | Orc:1    | Entered Level 1 of the Orcish Mines
 23041 | Orc:1    | XOM: smoke on damage
 23212 | Orc:2    | XOM: medium Hex miscast
 23593 | Orc:1    | Noticed Maurice
 23599 | Orc:1    | Killed Maurice
 23794 | Orc:1    | XOM: harmless Fire miscast
 23844 | Orc:2    | Found a roughly hewn altar of Beogh.
 23847 | Orc:2    | XOM: chaos upgrade
 24048 | Orc:3    | Found Kumos's Food Emporium.
 24139 | Orc:3    | XOM: summons 7 hostile demons
 24389 | Orc:3    | XOM: stat loss: -1 Int (12/13)
 24400 | Orc:3    | Found a roughly hewn altar of Beogh.
 24590 | Orc:4    | Entered Level 4 of the Orcish Mines
 24590 | Orc:4    | Found a staircase to the Elven Halls.
 24592 | Orc:4    | XOM: 1-stop teleportation journey
 24610 | Orc:4    | XOM: god gift: 22 stones
 24981 | Orc:4    | XOM: 4-stop teleportation journey
 25074 | Orc:4    | Found a deep blue altar of Sif Muna.
 25115 | Orc:4    | XOM: polymorph orc knight -> torpor snail
 25117 | Orc:4    | XOM: noise
 25174 | Orc:4    | XOM: swap monsters
 25177 | Orc:4    | Identified Sif Muna's Volume of Ice
 25183 | Orc:4    | XOM: mild Pois miscast
 25214 | Orc:4    | XOM: give mutations
 25214 | Orc:4    | Lost mutation: You have a pair of small antennae on your head. [Xom's mischief]
 25214 | Orc:4    | Lost mutation: You occasionally shout uncontrollably at your foes. [Xom's mischief]
 25304 | Orc:4    | XOM: potion effect (haste)
 25366 | Orc:4    | XOM: draining
 25390 | Orc:4    | XOM: silly message
 25425 | Orc:4    | XOM: potion effect (might)
 25434 | Orc:4    | XOM: potion effect (haste)
 25455 | Orc:4    | Found Peate's Jewellery Boutique.
 25455 | Orc:4    | Found Zaum's Antique Armour Emporium.
 25460 | Orc:4    | Found Usohoug's Antique Armour Emporium.
 25460 | Orc:4    | Found Gitisch's Gadget Boutique.
 25468 | Orc:4    | Bought a pair of scorched gloves for 209 gold pieces
 25478 | Orc:4    | Identified the +1 pair of gloves of Icluh {Regen+ Int+4 Dex+5} (You bought it in a shop on level 4 of the Orcish Mines)
 25482 | Orc:4    | Bought an uncursed amulet of clarity for 360 gold pieces
 25593 | Orc:4    | Gained mutation: You regenerate slowly when monsters are visible. [evolution]
 25658 | Elf:1    | Entered Level 1 of the Elven Halls
 25681 | Orc:3    | XOM: silly message
 25734 | Orc:1    | XOM: harmless Necr miscast
 25876 | D:12     | XOM: mild Air miscast
 25883 | D:12     | Killed Kirke
 25884 | D:12     | XOM: summons 4 hostile shadow creatures
 26157 | D:13     | XOM: colour smoke trail
 26243 | D:13     | XOM: cast spell 'Chain of Chaos'
 26630 | D:13     | Reached XP level 16. HP: 104/104 MP: 21/21
 26686 | D:13     | XOM: mild Summ miscast
 26778 | D:13     | XOM: chaos upgrade
 26798 | D:13     | XOM: summons friendly white imp
 26918 | D:13     | XOM: summons friendly white imp
 27050 | D:14     | XOM: confuse monster(s)
 27128 | D:14     | XOM: potion effect (might)
 27146 | D:14     | XOM: divination: magic mapping
 27159 | D:14     | Found a gate to the Vaults.
 27354 | D:14     | XOM: harmless Divn miscast
 27683 | D:14     | XOM: mild Trmt miscast
 27887 | D:14     | XOM: mild Fire miscast
 27903 | D:14     | XOM: enchant monster (good)
 28051 | D:15     | Entered Level 15 of the Dungeon
 28126 | D:15     | XOM: confuse monster(s)
 28243 | D:15     | XOM: blink monster(s)
 28328 | D:15     | XOM: summons 5 friendly demons
 28342 | D:15     | XOM: silly message
 28398 | D:15     | Found a radiant altar of Vehumet.
 28470 | D:15     | Found Sacet's Antique Weapon Boutique.
 28494 | D:15     | Identified a scroll of acquirement
 28508 | D:15     | Got a spiked plate armour
 28519 | D:15     | Identified the +10 plate armour of the Voivode {Str+4} (You acquired it on level 15 of the Dungeon)
 28660 | D:15     | XOM: potion effect (might)
 28751 | D:15     | Found a basalt altar of Yredelemnul.
 28764 | D:15     | XOM: scenery: 7 doors open, 6 doors close
 28839 | D:15     | Reached skill level 17 in Maces & Flails
 28888 | D:15     | Found Piont's Book Shoppe.
 28931 | D:15     | Found a staircase to the Depths.
 28931 | D:15     | XOM: swap monsters
 29225 | D:13     | XOM: medium Conj miscast
 29489 | Snake:1  | Entered Level 1 of the Snake Pit
 29557 | Snake:1  | Noticed Roxanne
 29564 | Snake:1  | XOM: silly message
 29576 | Snake:1  | Killed Roxanne
 29578 | Snake:1  | Identified Roxanne's Guide on Earth and Shape Shifting (You took it off Roxanne on level 1 of the Snake Pit)
 29681 | Snake:1  | XOM: harmless Erth miscast
 29687 | Snake:1  | Got a smoking iron ring
 29793 | Snake:1  | XOM: divination: detect creatures
 29794 | Snake:1  | XOM: cast spell 'Blink'
 29815 | Snake:1  | XOM: divination: magic mapping
 29818 | Snake:1  | XOM: potion effect (curing)
 29962 | Snake:1  | Found Jierunud's General Store.
 30017 | Snake:1  | Noticed Frances
 30026 | Snake:1  | XOM: potion effect (curing)
 30032 | Snake:1  | XOM: mild Trmt miscast
 30038 | Snake:1  | Killed Frances
 30235 | Snake:1  | XOM: harmless Summ miscast
 30259 | Snake:1  | XOM: potion effect (berserk rage)
 30267 | Snake:1  | XOM: potion effect (invisibility)
 30297 | Snake:1  | Identified the ring "Udosum" {*Drain rPois Int+3 SInv} (You found it on level 1 of the Snake Pit)
 30435 | Snake:1  | XOM: potion effect (brilliance)
 30437 | Snake:1  | Lost mutation: You regenerate slowly when monsters are visible. [evolution]
 30437 | Snake:1  | Lost mutation: You evolve. [end of evolution]
 30439 | Snake:1  | XOM: harmless Conj miscast
 30440 | Snake:1  | XOM: potion effect (agility)
 30610 | Snake:1  | XOM: fake destruction
 30625 | Snake:1  | Reached XP level 17. HP: 100/111 MP: 15/23
 30753 | Snake:1  | XOM: god gift: 24 gold pieces
 30818 | Snake:2  | XOM: enchant monster (bad)
 30819 | Snake:2  | XOM: polymorph naga warrior -> satyr
 30894 | Snake:2  | XOM: harmless Divn miscast
 30906 | Snake:2  | XOM: chaos upgrade
 30916 | Snake:2  | XOM: silly message
 30924 | Snake:2  | XOM: polymorph naga sharpshooter -> anubis guard
 30927 | Snake:2  | Reached skill level 1 in Spellcasting
 30947 | Snake:2  | XOM: enchant monster (good)
 30999 | Snake:2  | XOM: divination: magic mapping
 31100 | Snake:2  | Noticed Vashnia
 31122 | Snake:2  | You fall through a shaft!
 31123 | Snake:3  | XOM: noise
 31131 | Snake:3  | XOM: divination: detect items
 31300 | Snake:3  | XOM: noise
 31311 | Snake:3  | XOM: potion effect (heal wounds)
 31406 | Snake:2  | XOM: summons friendly quasit
 31421 | Snake:2  | XOM: silly message
 31542 | Snake:2  | XOM: harmless Air miscast
 31650 | Snake:2  | XOM: enchant monster (good)
 31661 | Snake:2  | Killed Vashnia
 31736 | Snake:2  | XOM: summons friendly quasit
 31740 | Snake:2  | XOM: potion effect (haste)
 31867 | Snake:2  | XOM: potion effect (might)
 31868 | Snake:2  | Reached skill level 18 in Maces & Flails
 31887 | Snake:2  | XOM: silly message
 31909 | Snake:2  | XOM: blink monster(s)
 32302 | Snake:3  | XOM: mild Pois miscast
 32380 | Snake:3  | XOM: noise
 32384 | Snake:3  | XOM: summons 4 friendly demons
 32523 | Snake:3  | XOM: harmless Fire miscast
 32560 | Snake:3  | XOM: destruction
 32565 | Snake:3  | XOM: god gift: 7 needles of paralysis
 32568 | Snake:3  | XOM: enchant monster (good)
 32576 | Snake:3  | XOM: snakes to sticks
 32819 | Snake:4  | Entered Level 4 of the Snake Pit
 33035 | Snake:4  | XOM: 2-stop teleportation journey
 33040 | Snake:4  | XOM: mild Erth miscast
 33045 | Snake:4  | Got a serpentine rune of Zot
 33098 | Snake:4  | XOM: 7-stop teleportation journey
 33155 | Snake:4  | Noticed Norris
 33172 | Snake:4  | XOM: potion effect (berserk rage)
 33173 | Snake:4  | XOM: potion effect (haste)
 33187 | Snake:4  | Killed Norris
 33187 | Snake:4  | Reached XP level 18. HP: 54/117 MP: 25/25
 33341 | Snake:4  | Noticed youngkai's ghost (adept MiBe)
 33362 | Snake:4  | Killed youngkai's ghost
 33371 | Snake:4  | XOM: chaos cloud
 33427 | Snake:4  | XOM: 1-stop teleportation journey
 33587 | Snake:4  | XOM: noise
 33591 | Snake:4  | XOM: harmless Erth miscast
 33603 | Snake:4  | XOM: chaos upgrade
 33612 | Snake:4  | XOM: enchant monster (bad)
 33666 | Snake:4  | XOM: colour smoke trail
 33825 | Snake:4  | Reached skill level 15 in Fighting
 33860 | Snake:4  | XOM: confuse monster(s)
 33863 | Snake:4  | XOM: cast spell 'Excruciating Wounds'
 33875 | Snake:4  | XOM: confuse monster(s)
 33876 | Snake:4  | XOM: destruction
 33899 | Snake:4  | XOM: polymorph guardian serpent -> spiny frog
 34006 | Snake:4  | XOM: summons friendly quasit
 34007 | Snake:4  | Reached skill level 10 in Evocations
 34070 | Snake:4  | XOM: divination: detect creatures
 34085 | Snake:4  | XOM: confuse monster(s)
 34220 | Snake:4  | XOM: summons 8 friendly demons
 34251 | Snake:4  | XOM: god gift: scroll of immolation
 34363 | Snake:4  | XOM: polymorph mana viper -> swamp dragon
 34375 | Snake:4  | Reached skill level 15 in Armour
 34385 | Snake:4  | XOM: summons 11 friendly demons
 34398 | Snake:4  | XOM: give mutations
 34398 | Snake:4  | Gained mutation: You are agile. (Dex +2) [Xom's grace]
 34398 | Snake:4  | Gained mutation: You passively map a small area around you. [Xom's grace]
 34398 | Snake:4  | Gained mutation: Your flesh is heat resistant. [Xom's grace]
 34398 | Snake:4  | Gained mutation: You have a somewhat thin skeletal structure (Dex +2, Stealth). [Xom's grace]
 34419 | Snake:4  | XOM: harmless Chrm miscast
 34486 | Snake:4  | XOM: cast spell 'Cause Fear'
 34645 | Snake:4  | XOM: harmless Hex miscast
 34668 | Snake:4  | Reached skill level 5 in Spellcasting
 34719 | Snake:4  | XOM: snakes to sticks
 34947 | Shoals:1 | Entered Level 1 of the Shoals
 34955 | Shoals:1 | XOM: harmless Conj miscast
 35014 | Shoals:1 | XOM: confuse monster(s)
 35060 | Shoals:1 | XOM: noise
 35335 | Shoals:1 | XOM: cast spell 'Blink'
 35369 | Shoals:1 | XOM: mild Fire miscast
 35520 | Shoals:2 | XOM: stealth player
 35526 | Shoals:2 | Noticed Polyphemus
 35633 | Shoals:2 | XOM: mild Summ miscast
 35636 | Shoals:2 | XOM: summons friendly ufetubus
 35645 | Shoals:2 | XOM: summons 9 friendly demons
 35653 | Shoals:2 | Killed Polyphemus
 35733 | Shoals:2 | XOM: noise
 35734 | Shoals:2 | Noticed Donald
 35753 | Shoals:2 | XOM: medium Summ miscast
 35759 | Shoals:2 | Killed Donald
 35764 | Shoals:2 | XOM: blink monster(s)
 35888 | Shoals:2 | Reached skill level 19 in Maces & Flails
 35954 | Shoals:2 | Reached XP level 19. HP: 112/124 MP: 26/26
 36003 | Shoals:2 | XOM: chaos cloud
 36144 | Shoals:3 | XOM: fog
 36245 | Shoals:3 | XOM: smoke on damage
 36444 | Shoals:3 | XOM: harmless Divn miscast
 36542 | Shoals:4 | Entered Level 4 of the Shoals
 36557 | Shoals:4 | XOM: chaos cloud
 36735 | Shoals:4 | XOM: enchant monster (bad)
 36933 | Shoals:4 | XOM: summons friendly white imp
 36940 | Shoals:4 | XOM: harmless Fire miscast
 36947 | Shoals:4 | XOM: potion effect (curing)
 36948 | Shoals:4 | XOM: cast spell 'Metabolic Englaciation'
 36986 | Shoals:4 | XOM: harmless Summ miscast
 37131 | Shoals:4 | Identified a +0 pair of boots of running (You found it on level 4 of the Shoals)
 37200 | Shoals:4 | XOM: cast spell 'Dispersal'
 37222 | Shoals:4 | Got a barnacled rune of Zot
 37260 | Shoals:4 | Noticed Ilsuiw
 37368 | Lair:6   | XOM: cast spell 'Ice Form'
 37841 | Vaults:1 | Entered Level 1 of the Vaults
 37870 | Vaults:1 | XOM: mild Pois miscast
 37901 | Vaults:1 | XOM: potion effect (invisibility)
 37915 | Vaults:1 | XOM: cast spell 'Dispersal'
 37924 | Vaults:1 | XOM: confuse monster(s)
 38064 | Vaults:1 | XOM: harmless Chrm miscast
 38095 | Vaults:1 | XOM: medium Summ miscast
 38102 | Vaults:1 | XOM: confuse monster(s)
 38107 | Vaults:1 | XOM: divination: detect items
 38129 | Vaults:1 | XOM: cast spell 'Blink'
 38132 | Vaults:1 | XOM: confuse monster(s)
 38144 | Vaults:1 | XOM: cast spell 'Summon Horrible Things'
 38364 | Vaults:1 | XOM: summons 8 friendly demons
 38426 | Vaults:1 | XOM: 1-stop teleportation journey
 38523 | Vaults:1 | XOM: summons friendly shadow imp
 38555 | Vaults:1 | Found Laoryz's General Store.
 38563 | Vaults:1 | Bought a scroll of identify for 28 gold pieces
 38563 | Vaults:1 | Bought a meat ration for 70 gold pieces
 38680 | Vaults:1 | XOM: enchant monster (good)
 38788 | Vaults:1 | XOM: god gift: 6 meat rations
 38796 | Vaults:1 | XOM: silly message
 38859 | Vaults:1 | XOM: god gift: runed rapier {god gift}
 38869 | Vaults:1 | XOM: vitrification
 39108 | Vaults:1 | Got a shimmering scale mail
 39109 | Vaults:1 | Identified the +4 scale mail of the Hidden Orbs {rN+ Str+6} (You found it on level 1 of the Vaults)
 39174 | Vaults:2 | XOM: potion effect (haste)
 39186 | Vaults:2 | XOM: cast spell 'Confusing Touch'
 39244 | Vaults:2 | XOM: enchant monster (good)
 39248 | Vaults:2 | XOM: blink monster(s)
 39318 | Vaults:2 | XOM: mild Conj miscast
 39335 | Vaults:2 | XOM: give mutations
 39335 | Vaults:2 | Lost mutation: You are partially covered in icy blue scales (AC +1). [Xom's mischief]
 39335 | Vaults:2 | Lost mutation: You have large cloven feet. [Xom's mischief]
 39335 | Vaults:2 | Lost mutation: Your spells are a little harder to cast, but a little more powerful. [Xom's mischief]
 39478 | Vaults:2 | XOM: summons 2 hostile demons
 39621 | Vaults:2 | XOM: harmless Erth miscast
 39623 | Vaults:2 | Reached XP level 20. HP: 131/131 MP: 30/30
 39645 | Vaults:2 | XOM: summons 10 hostile demons
 39718 | Vaults:2 | XOM: summons 3 hostile demons
 39720 | Vaults:2 | XOM: confuse monster(s)
 39910 | Vaults:2 | Reached skill level 1 in Charms
 39928 | Vaults:2 | Reached skill level 1 in Air Magic
 39947 | Vaults:2 | XOM: harmless Erth miscast
 40076 | Vaults:2 | XOM: colour smoke trail
 40135 | Vaults:2 | XOM: mild Hex miscast
 40218 | Vaults:2 | Found Vepritso's Antique Armour Shop.
 40235 | Vaults:2 | XOM: noise
 40432 | Vaults:2 | XOM: medium Tloc miscast
 40432 | Vaults:2 | XOM: smoke on damage
 40443 | Vaults:2 | XOM: summons 4 friendly demons
 40462 | Vaults:2 | Reached skill level 20 in Maces & Flails
 40690 | Vaults:3 | XOM: silly message
 40699 | Vaults:3 | XOM: noise
 40700 | Vaults:3 | XOM: destruction
 40702 | Vaults:3 | XOM: mild Divn miscast
 40708 | Vaults:3 | XOM: divination: magic mapping
 40857 | Vaults:3 | Found a staircase to the Crypt.
 41010 | Vaults:3 | Noticed Sojobo
 41021 | Vaults:3 | XOM: summons friendly ufetubus
 41032 | Vaults:3 | Killed Sojobo
 41068 | Vaults:3 | XOM: potion effect (heal wounds)
 41070 | Vaults:3 | XOM: summons friendly quasit
 41071 | Vaults:3 | XOM: divination: magic mapping
 41075 | Vaults:3 | XOM: noise
 41076 | Vaults:3 | XOM: silly message
 41143 | Vaults:3 | XOM: medium Necr miscast
 41154 | Vaults:3 | XOM: potion effect (curing)
 41160 | Vaults:3 | XOM: god gift: 17 stones
 41164 | Vaults:3 | XOM: mild Trmt miscast
 41640 | Vaults:3 | XOM: repel stairs
 41650 | Vaults:3 | Identified a +7 rod of shadows (10/10) (You found it on level 3 of the Vaults)
 41697 | Vaults:3 | XOM: summons 2 friendly demons
 41708 | Vaults:3 | XOM: summons 3 friendly demons
 41712 | Vaults:3 | XOM: cast spell 'Summon Butterflies'
 41845 | Vaults:3 | XOM: snakes to sticks
 41873 | Vaults:3 | XOM: harmless Conj miscast
 41963 | Vaults:4 | XOM: enchant monster (good)
 42013 | Vaults:4 | Reached XP level 21. HP: 136/136 MP: 31/31
 42139 | Vaults:4 | XOM: divination: magic mapping
 42161 | Vaults:4 | XOM: 2-stop teleportation journey
 42185 | Vaults:4 | XOM: potion effect (curing)
 42187 | Vaults:4 | XOM: enchant monster (good)
 42191 | Vaults:4 | XOM: swap monsters
 42433 | Vaults:4 | XOM: harmless Pois miscast
 42465 | Vaults:4 | XOM: mild Trmt miscast
 42498 | Vaults:4 | XOM: enchant monster (bad)
 42560 | Vaults:4 | XOM: chaos upgrade
 42806 | Vaults:4 | XOM: smoke on damage
 43031 | Vaults:4 | XOM: divination: detect creatures
 43425 | Vaults:4 | XOM: noise
 43472 | Vaults:5 | Entered Level 5 of the Vaults
 43476 | Vaults:5 | XOM: polymorph vault guard -> something unseen
 43486 | Vaults:5 | XOM: mild Conj miscast
 43488 | Vaults:5 | Reached skill level 5 in Air Magic
 43488 | Vaults:5 | Reached skill level 5 in Charms
 43522 | Vaults:5 | Noticed an ancient lich
 43525 | Vaults:5 | Reached skill level 21 in Maces & Flails
 43525 | Vaults:5 | Reached XP level 22. HP: 90/144 MP: 23/32
 43542 | Vaults:5 | Noticed a golden dragon
 43542 | Vaults:5 | XOM: summons 2 friendly demons
 43543 | Vaults:5 | XOM: potion effect (curing)
 43553 | Vaults:5 | XOM: medium Tloc miscast
 43565 | Vaults:5 | XOM: harmless Pois miscast
 43573 | Vaults:5 | XOM: summons friendly iron imp
 43589 | Vaults:5 | XOM: harmless Fire miscast
 43591 | Vaults:5 | XOM: enchant monster (good)
 43594 | Vaults:5 | XOM: confuse monster(s)
 43597 | Vaults:5 | Killed an ancient lich
 43609 | Vaults:5 | XOM: enchant monster (bad)
 43612 | Vaults:5 | XOM: destruction
 43624 | Vaults:5 | XOM: swap monsters
 43816 | Vaults:5 | Learned a level 3 spell: Regeneration
 43827 | Vaults:5 | XOM: colour smoke trail
 44009 | Vaults:5 | Noticed a golden dragon
 44010 | Vaults:5 | XOM: summons friendly shadow imp
 44014 | Vaults:5 | XOM: cast spell 'Warp Weapon'
 44015 | Vaults:5 | XOM: summons 3 friendly demons
 44022 | Vaults:5 | Banished a golden dragon
 44087 | Vaults:5 | Gained mutation: You are frail (-10% HP). [a neqoxec]
 44097 | Vaults:5 | XOM: summons friendly shadow imp
 44097 | Vaults:5 | XOM: smoke on damage
 44206 | Vaults:5 | XOM: god gift: dagger {god gift}
 44215 | Vaults:5 | XOM: enchant monster (good)
 44401 | Vaults:5 | XOM: confuse monster(s)
 44524 | Vaults:5 | XOM: summons 2 friendly demons
 44642 | Vaults:5 | XOM: polymorph stone giant -> fire giant
 44659 | Vaults:5 | XOM: enchant monster (good)
 44707 | Vaults:5 | XOM: noise
 44763 | Vaults:5 | XOM: harmless Hex miscast
 44767 | Vaults:5 | XOM: divination: detect items
 44788 | Vaults:5 | XOM: mild Pois miscast
 44789 | Vaults:5 | Reached XP level 23. HP: 135/135 MP: 33/33
 44792 | Vaults:5 | XOM: enchant monster (good)
 44807 | Vaults:5 | XOM: polymorph yaktaur -> boulder beetle
 44812 | Vaults:5 | XOM: blink monster(s)
 44817 | Vaults:5 | XOM: confusion (+ monsters)
 44833 | Vaults:5 | XOM: summons 1 hostile demon
 44836 | Vaults:5 | XOM: blink monster(s)
 44841 | Vaults:5 | XOM: 1-stop teleportation journey
 44914 | Vaults:5 | XOM: 2-stop teleportation journey
 44976 | Vaults:5 | XOM: divine lightning (protected)
 44979 | Vaults:5 | XOM: silly message
 44981 | Vaults:5 | XOM: noise
 45061 | Vaults:5 | Got a silver rune of Zot
 45069 | Vaults:5 | Learned a level 2 spell: Shroud of Golubria
 45071 | Vaults:5 | Learned a level 1 spell: Apportation
 45076 | Vaults:5 | Learned a level 4 spell: Passage of Golubria
 45145 | Vaults:5 | XOM: summons friendly quasit
 45148 | Vaults:5 | XOM: summons 3 friendly demons
 45155 | Vaults:5 | Killed a golden dragon
 45190 | Vaults:5 | Got a slimy wooden ring
 45191 | Vaults:5 | Identified the ring of the Last Mice {*Confuse rPois rF+ rC+ Stlth-} (You took it off an ironheart preserver on level 5 of the Vaults)
 45286 | Vaults:5 | Reached skill level 1 in Translocations
 45350 | Vaults:5 | Got a heavily runed cloak
 45361 | Vaults:5 | Identified the +2 cloak of the Realm of Zot {MR+ rCorr Dex-2} (You found it on level 5 of the Vaults)
 45368 | Vaults:5 | Identified Pogiylid's Collected Works on the Volcanoes and Conjuration
 45375 | Vaults:5 | Identified the Volume of the Frostbite
 45508 | Vaults:5 | XOM: scenery: create altars
 45566 | Vaults:5 | XOM: colour smoke trail
 45592 | Vaults:5 | XOM: harmless Summ miscast
 45600 | Vaults:5 | XOM: medium Summ miscast
 45735 | Vaults:5 | XOM: god gift: 13 gold pieces
 45877 | Vaults:3 | XOM: god gift: wand of lightning {god gift}
 45885 | Vaults:3 | XOM: destruction
 46162 | Depths:1 | Entered Level 1 of the Depths
 46409 | Depths:1 | XOM: harmless Hex miscast
 46472 | Depths:1 | Found Geashuo's Goods Gallery.
 46566 | Depths:1 | Found a one-way gate leading to the halls of Pandemonium.
 46700 | Depths:1 | XOM: scenery: 2 doors open
 46941 | Depths:1 | XOM: 1-stop teleportation journey
 47224 | Depths:2 | XOM: summons 10 friendly demons
 47230 | Depths:2 | XOM: swap monsters
 47292 | Depths:2 | XOM: divination: detect creatures
 47294 | Depths:2 | XOM: polymorph fire giant -> iron troll
 47355 | Depths:2 | XOM: summons 2 friendly demons
 47361 | Depths:2 | XOM: summons 3 hostile shadow creatures
 47364 | Depths:2 | XOM: potion effect (invisibility)
 47375 | Depths:2 | XOM: snakes to sticks
 47513 | Depths:2 | Reached skill level 22 in Maces & Flails
 47548 | Depths:2 | XOM: silly message
 47602 | Depths:2 | XOM: polymorph yaktaur -> anubis guard
 47618 | Depths:2 | XOM is BORED!
 47618 | Depths:2 | XOM: medium Fire miscast
 47620 | Depths:2 | XOM: enchant monster (bad)
 47627 | Depths:2 | XOM: blink monster(s)
 47708 | Depths:2 | XOM: potion effect (haste)
 47862 | Depths:2 | XOM: mild Fire miscast
 47925 | Depths:2 | XOM: summons 1 hostile demon
 48054 | Depths:2 | XOM: colour smoke trail
 48101 | Depths:2 | Got a smoking great mace
 48102 | Depths:2 | Identified the +7 great mace of Doubt {crush, *Noise +Blink rF+} (You found it on level 2 of the Depths)
 48179 | Depths:2 | XOM: harmless Divn miscast
 48298 | Depths:2 | XOM: mild Pois miscast
 48308 | Depths:3 | XOM: potion effect (agility)
 48331 | Depths:3 | Found a gateway to a ziggurat.
 48332 | Depths:3 | Paralysed by a giant eyeball for 3 turns
 48396 | Depths:3 | Noticed a juggernaut
 48426 | Depths:3 | Annihilated by a juggernaut

Action                   |  1- 3 |  4- 6 |  7- 9 | 10-12 | 13-15 | 16-18 | 19-21 | 22-24 || total
-------------------------+-------+-------+-------+-------+-------+-------+-------+-------++-------
Melee: Mace              |    56 |       |       |       |       |       |       |       ||    56
       Flail             |    48 |   186 |   488 |   419 |       |       |       |       ||  1141
       Morningstar       |       |       |       |   331 |       |       |       |       ||   331
       Great mace        |       |       |       |   120 |  1796 |  1676 |  1540 |  1017 ||  6149
 Cast: Repel Missiles    |       |       |       |       |       |     4 |     2 |     2 ||     8
       Regeneration      |       |       |       |       |       |       |       |    19 ||    19
       Passage of Golubr |       |       |       |       |       |       |       |     1 ||     1
 Abil: Breathe Fire      |       |       |       |     2 |       |       |     1 |       ||     3
       Fly               |       |       |       |       |     2 |     2 |       |       ||     4
       Stop Flying       |       |       |       |       |     2 |     1 |     1 |       ||     4
Evoke: Wand              |       |     3 |       |    15 |    12 |     7 |       |     4 ||    41
       Box of beasts     |       |       |       |       |    12 |     9 |       |       ||    21
       Deck              |       |       |       |       |    10 |       |     4 |       ||    14
       Rod               |       |       |       |       |     2 |     6 |     4 |       ||    12
       Disc of storms    |       |       |       |       |     7 |    13 |       |     6 ||    26
       Fan of gales      |       |       |       |       |       |     1 |     1 |     1 ||     3
       Phial of floods   |       |       |       |       |       |       |       |     1 ||     1
  Use: Scroll            |     8 |     9 |    11 |    14 |    10 |    15 |    10 |    12 ||    89
       Potion            |       |     2 |       |     8 |     4 |       |     7 |     5 ||    26
 Stab: Invisible         |       |     1 |     1 |     4 |     6 |     2 |    21 |     3 ||    38
       Confused          |       |       |     2 |       |     1 |     7 |     7 |     6 ||    23
       Distracted        |       |       |       |     1 |     1 |     6 |     1 |     3 ||    12
       Paralysed         |       |       |       |     4 |       |     2 |     2 |       ||     8
       Petrifying        |       |       |       |       |       |     2 |       |       ||     2
       Petrified         |       |       |       |       |       |     1 |       |       ||     1
  Eat: Chunk             |       |     7 |    12 |    10 |    23 |       |       |       ||    52
       Meat ration       |       |       |     1 |       |       |     1 |     1 |       ||     3
       Pizza             |       |       |     1 |     1 |     3 |       |       |     2 ||     7
       Royal jelly       |       |       |     1 |       |     3 |     9 |     1 |       ||    14
       Beef jerky        |       |       |       |     2 |     8 |     1 |     1 |     3 ||    15
       Fruit             |       |       |       |     5 |     3 |    23 |       |     4 ||    35
       Bread ration      |       |       |       |     1 |     1 |       |     5 |     2 ||     9
